 Dungeon Crawl Stone Soup version 0.28-a0-1147-gc7b72d3202 (webtiles) character file.

Game seed: 3213270205228812631

884 ChaosChampion the Conjurer (level 7, -15/36 HPs)
             Began as a Deep Elf Conjurer on Dec 14, 2021.
             Demolished by a wyvern (16 damage)
             ... on level 5 of the Dungeon.
             The game lasted 00:07:34 (5344 turns).

ChaosChampion the Conjurer (Deep Elf Conjurer)      Turns: 5344, Time: 00:07:35

Health: -15/36     AC:  3    Str:  4    XL:     7   Next: 76%
Magic:  4/18       EV: 12    Int: 25    God:
Gold:   190        SH:  0    Dex: 13    Spells: 9/18 levels left

rFire   . . .      SeeInvis +   (no weapon)
rCold   . . .      Faith    .   (no shield)
rNeg    . . .      Spirit   .   a - +0 robe
rPois   .          Reflect  .   (no helmet)
rElec   .          Harm     .   (no cloak)
rCorr   .          Rampage  .   i - +0 pair of gloves
Will    .....                   (no boots)
Stlth   ++........              (no amulet)
HPRegen 0.12/turn               o - ring of see invisible
MPRegen 0.16/turn               (no ring)

@: no status effects
A: no striking features
a: no special abilities


You were on level 5 of the Dungeon.
You visited 1 branch of the dungeon, and saw 5 of its levels.

You collected 190 gold pieces.

Inventory:

Missiles
 d - 15 poisoned darts (quivered)
 r - 2 atropa-tipped darts
Armour
 a - a +0 robe (worn)
 i - a +0 pair of gloves (worn)
Jewellery
 o - a ring of see invisible (left hand)
Wands
 q - a wand of digging (6)
Scrolls
 b - a scroll of enchant armour {unknown}
 e - 4 scrolls of magic mapping {unknown}
 f - a scroll of holy word {unknown}
 h - a scroll of immolation {unknown}
 j - 2 scrolls of noise {unknown}
 k - a scroll of blinking {unknown}
 l - a scroll of identify {unknown}
 p - a scroll of enchant weapon {unknown}
 s - a scroll of fog {unknown}
 v - a scroll of vulnerability {unknown}
Potions
 c - a potion of attraction {unknown}
 g - a potion of resistance {unknown}
 m - 2 potions of lignification {unknown}
 n - 3 potions of brilliance {unknown}
 t - a potion of berserk rage {unknown}
 u - a potion of magic
 w - a potion of curing {unknown}


   Skills:
 - Level 2.4 Dodging
 - Level 2.9 Stealth
 + Level 6.2 Spellcasting
 + Level 6.3 Conjurations
 * Level 4.7 Summonings
 * Level 4.8 Translocations


You had 9 spell levels left.
You knew the following spells:

 Your Spells              Type           Power      Damage    Failure   Level
a - Magic Dart            Conj           100%       1d8       1%          1
b - Searing Ray           Conj           78%        2d7       1%          2
c - Call Imp              Summ           31%        N/A       1%          2
d - Iskenderun's Mystic   Conj/Tloc      35%        2d8       8%          4

Your spell library contained the following spells:

 Spells                   Type           Power      Damage    Failure   Level
 Dazzling Flash           Conj/Hex       46%        N/A       6%          3
 Animate Skeleton         Necr           14%        N/A       8%          1
 Beastly Appendage        Tmut           14%        N/A       8%          1
 Pain                     Necr           28%        1d5       8%          1
 Mephitic Cloud           Conj/Pois/Air  18%        N/A       10%         3
 Wereblood                Tmut           7%         N/A       11%         2
 Fulminant Prism          Conj/Hex       11%        3d9       21%         4
 Spider Form              Tmut/Pois      7%         N/A       22%         3
 Vampiric Draining        Necr           7%         2d6       22%         3


Dungeon Overview and Level Annotations

Branches:
Dungeon (5/15)
 Temple: D:4-7

Altars:

Shops:
D:1 !

Annotations:
D:5 Duvessa


Message History

Aim: a sky beast (100% to hit)
The magic dart hits the sky beast but does no damage.
You hear a shout!
Duvessa rages.
Duvessa rages.
The wyvern bites you!
Casting: Magic Dart (safe; 1% risk of failure)
Confirm with . or Enter, or press ? or * to list all spells.
Aiming: Searing Ray (safe; 1% risk of failure)
Press: ? - help, Shift-Dir - straight line, f - wyvern
Aim: a wyvern (81% to hit)
The searing ray hits the wyvern!
The wyvern is moderately wounded.
The searing ray hits Duvessa!
Duvessa is lightly wounded. (Press . to maintain the ray.)
The wyvern bites you!
The searing ray hits the wyvern!
The wyvern is severely wounded.
The searing ray hits Duvessa.
Duvessa is lightly wounded.
The wyvern bites you!
* * * LOW HITPOINT WARNING * * *
The wyvern misses you.
Casting: Searing Ray (safe; 1% risk of failure)
Confirm with . or Enter, or press ? or * to list all spells.
The spell is quite dangerous to miscast (8% risk of failure)!
Continue anyway?
You erupt in a blast of force!
The mystic blast hits Duvessa.
Duvessa is moderately wounded.
Duvessa is knocked back by the mystic blast.
Duvessa collides with the sky beast!
The sky beast is moderately wounded.
Duvessa is moderately wounded.
The mystic blast hits the wyvern.
The wyvern is severely wounded.
The wyvern is knocked back by the mystic blast.
The wyvern collides with Duvessa!
Duvessa is moderately wounded.
The wyvern is almost dead.
The wyvern bites you!
You die...

#### ...# #. ...##### ##...
.....).##### ##.....
...###.....#### .......
##...#####.)..###.......
###.....###.Yel@....... ## #
##..#..##..#####.###. ....
#..##..†..#### .# ####...
##..........Y##.# ###..e.#.
##.#...#.###....## #........
#####..^.....# ###...# ##........
..........#... #.#...#.........
#.<..###...[.........#........e.#
#.#..# #######..#.Y.....>..#.#.##


You could see Duvessa (berserk), a wyvern and a sky beast.

Vanquished Creatures
  An ogre (D:5)
  2 phantoms (D:4)
  A water moccasin zombie (D:5)
  A water moccasin skeleton (D:4)
  Dowan (D:5)
  A howler monkey (D:5)
  2 hounds
  2 orc priests (D:5)
  An iguana (D:5)
  3 orc wizards
  A hound skeleton (D:5)
  8 gnolls
  4 adders
  A white imp (D:5)
  2 ufetubi
  2 adder skeletons
  3 worms
  A dart slug (D:2)
  14 orcs
  6 ball pythons
  2 bats
  5 endoplasms
  5 goblins
  4 hobgoblins
  3 jackals (D:1)
  2 quokkas (D:1)
  4 frilled lizards
  5 kobolds
  A quokka skeleton (D:4)
  7 rats
95 creatures vanquished.

Notes
Turn   | Place    | Note
-------+----------+-------------------------------------------
     0 | D:1      | ChaosChampion the Deep Elf Conjurer began the quest for the
                  | Orb.
     0 | D:1      | Reached XP level 1. HP: 10/10 MP: 6/6
   117 | D:1      | Found Xafearr's Distillery.
   310 | D:1      | Reached XP level 2. HP: 15/15 MP: 6/8
   591 | D:1      | Learned a level 2 spell: Searing Ray
  1173 | D:2      | Reached XP level 3. HP: 19/19 MP: 3/10
  1505 | D:2      | Reached skill level 5 in Conjurations
  1793 | D:2      | Found a faded altar of an unknown god.
  1936 | D:2      | Reached XP level 4. HP: 24/24 MP: 8/12
  2250 | D:3      | Learned a level 2 spell: Call Imp
  2255 | D:3      | Learned a level 4 spell: Iskenderun's Mystic Blast
  2373 | D:3      | Reached skill level 1 in Translocations
  2379 | D:3      | Reached skill level 1 in Summonings
  2714 | D:3      | Reached XP level 5. HP: 28/28 MP: 2/14
  3245 | D:4      | Reached skill level 5 in Spellcasting
  3319 | D:4      | Noticed a phantom
  3389 | D:3      | HP: 1/28 [hound (3)]
  3753 | D:4      | Killed a phantom
  3754 | D:4      | Reached XP level 6. HP: 22/32 MP: 1/16
  4468 | D:5      | Entered Level 5 of the Dungeon
  4591 | D:5      | Noticed Dowan
  4592 | D:5      | Reached XP level 7. HP: 36/36 MP: 10/17
  4593 | D:5      | Noticed Duvessa
  4614 | D:5      | Killed Dowan
  5262 | D:5      | Noticed a wyvern
  5343 | D:5      | HP: 1/36 [wyvern (16)]
  5344 | D:5      | Demolished by a wyvern

Illustrated notes

Levels and vault maps discovered:
D:1:      amcnicky_arrival_choice, layout_basic, serial_shops,
          nicolae_shop_window_shopping, minmay_misc_feat_square,
          serial_park_tiny_1, kennysheep_nondescript, st_stairs_14,
          hangedman_decor_points
D:2:      layout_basic, serial_glass, glass_columns_b, glass_columns_c,
          shapermc_ecumenical_altar_petra
D:3:      layout_basic
D:4:      layout_cave_pools
D:5:      layout_rooms, zin_treasury, uniq_duvessa, uniq_grinder

Skill      XL: |  1  2  3  4  5  6  7 |
---------------+----------------------+-----
Spellcasting   | 4 5 6 |  6.2
Conjurations   | 5 6 |  6.3
Translocations | 1 3 4 |  4.8
Summonings     | 1 2 3 4 |  4.7
Dodging        | |  2.4
Stealth        | |  2.9

Action                   |  1- 3 |  4- 6 |  7- 9 || total
-------------------------+-------+-------+-------++-------
Melee: Unarmed           |       |     1 |     1 ||     2
Throw: Dart              |    16 |       |       ||    16
 Cast: Magic Dart        |    48 |    58 |    19 ||   125
       Searing Ray       |     9 |    34 |    14 ||    57
       Iskenderun's Myst |       |     5 |     6 ||    11
  Use: Potion            |       |     2 |       ||     2
Armor: Robe              |     3 |     4 |     1 ||     8
Dodge: Dodged            |     4 |    45 |     5 ||    54

Table legend: (Time is in decaauts)
 A = Elapsed time spent in this place.
 B = Non-inter-level travel time spent in this place.
 C = Inter-level travel time spent in this place.
 D = Time resting spent in this place.
 E = Time spent auto-exploring this place.
 F = Levels seen in this place.
 G = Mean time per level.
                   A        B        C        D        E       F      G
               +--------+--------+--------+--------+--------+-----+--------+
         Total |   5345 |   5287 |     58 |    727 |   3765 |   5 | 1069.0 |
       Dungeon |   5345 |   5287 |     58 |    727 |   3765 |   5 | 1069.0 |
               +--------+--------+--------+--------+--------+-----+--------+

Top non-repeatable levels by time:
     D:3: 1310 daAuts
     D:4: 1216 daAuts
     D:1: 1161 daAuts
     D:2: 1068 daAuts
     D:5: 588 daAuts
